General information
- name: BNet
- type: Ladder team game (AT/RT)
- host: Battle.net
- saver: TheDairyFarmer
map: Battleground
- players: 8
- length: 43:22
- speed: Fast
- version: 1.27 W3XP
- replay type: Public
» download(209 KB)
Players
team 1 (loser)

»
Clown_Lotion (
orange | 47 APM | 1501 actions | 31:56)
5 Blademaster
2 Wind Walk
3 Critical Strike
1 Shadow Hunter
1 Healing Wave
» actions
| Assign group hotkey | 14 | |
| Build / train | 49 | |
| Enter build submenu | 14 | |
| Enter hero's abilities submenu | 6 | |
| Right click | 580 | |
| Select / deselect | 311 | |
| Select group hotkey | 267 | |
| Use ability | 260 | |
1501 total
» units
| Peon | 12 | |
| Grunt | 5 | |
| Raider | 9 | |
| Shaman | 2 | |
28 total
» upgrades
| Pillage | 1 | |
| Melee Weapons | 2 | |
| Ensnare | 1 | |
| Shaman Training | 2 | |
6 total
» buildings
| Altar of Storms | 1 | |
| Orc Burrow | 7 | |
| Barracks | 1 | |
| Voodoo Lounge | 1 | |
| Stronghold | 1 | |
| War Mill | 1 | |
| Beastiary | 2 | |
| Fortress | 1 | |
| Spirit Lodge | 1 | |
16 total
» build order
00:08 Altar of Storms
00:22 Orc Burrow
00:37 Barracks
01:31 Orc Burrow
02:11 Voodoo Lounge
03:09 Stronghold
04:45 War Mill
05:37 Beastiary
05:41 Beastiary
06:33 Orc Burrow
08:27 Orc Burrow
08:31 Orc Burrow
09:29 Fortress
10:16 Spirit Lodge
13:24 Orc Burrow
14:04 Orc Burrow
» items
| Scroll of Speed | 1 | |
| Healing Salve | 1 | |
| Lesser Clarity Potion | 1 | |
| Scroll of Town Portal | 1 | |
| Orb of Lightning | 1 | |
5 total
SHONUFF (
green | 53 APM | 2289 actions | 43:22)
8 Blademaster
3 Wind Walk
3 Critical Strike
1 Bladestorm
1 Mirror Image
» actions
| Assign group hotkey | 62 | |
| Basic commands | 171 | |
| Build / train | 90 | |
| Enter build submenu | 67 | |
| Enter hero's abilities submenu | 9 | |
| Give item / drop item | 17 | |
| Right click | 1072 | |
| Select / deselect | 473 | |
| Select group hotkey | 139 | |
| Use ability | 189 | |
2289 total
» units
| Peon | 28 | |
| Grunt | 4 | |
| Troll Batrider | 12 | |
44 total
» upgrades
| Liquid Fire | 1 | |
| Ranged Weapons | 1 | |
| Reinforced Defenses | 1 | |
3 total
» buildings
| Orc Burrow | 4 | |
| Altar of Storms | 1 | |
| Barracks | 1 | |
| Voodoo Lounge | 2 | |
| Stronghold | 1 | |
| War Mill | 1 | |
| Beastiary | 4 | |
| Great Hall | 9 | |
| Watch Tower | 44 | |
| Fortress | 1 | |
68 total
» build order
00:11 Orc Burrow
00:53 Altar of Storms
00:54 Barracks
01:07 Orc Burrow
01:39 Voodoo Lounge
02:56 Stronghold
04:11 War Mill
04:16 Orc Burrow
07:23 Beastiary
07:24 Beastiary
07:56 Orc Burrow
10:07 Great Hall
10:09 Watch Tower
10:10 Watch Tower
10:10 Watch Tower
10:10 Watch Tower
10:12 Watch Tower
10:14 Watch Tower
10:14 Watch Tower
10:15 Watch Tower
10:20 Voodoo Lounge
10:45 Fortress
14:14 Great Hall
14:16 Watch Tower
14:16 Watch Tower
14:17 Watch Tower
14:18 Watch Tower
16:57 Watch Tower
16:57 Watch Tower
16:57 Watch Tower
16:58 Watch Tower
16:59 Watch Tower
18:20 Great Hall
18:22 Watch Tower
18:23 Watch Tower
18:23 Watch Tower
18:24 Watch Tower
18:59 Beastiary
19:00 Beastiary
19:06 Great Hall
19:09 Great Hall
19:12 Watch Tower
19:12 Watch Tower
19:13 Watch Tower
19:14 Watch Tower
20:44 Watch Tower
20:44 Watch Tower
20:44 Watch Tower
20:45 Watch Tower
24:02 Great Hall
24:59 Great Hall
25:14 Watch Tower
25:15 Watch Tower
25:16 Watch Tower
25:16 Watch Tower
28:49 Great Hall
28:51 Watch Tower
28:52 Watch Tower
28:53 Watch Tower
28:54 Watch Tower
34:35 Great Hall
34:41 Watch Tower
34:41 Watch Tower
34:42 Watch Tower
34:42 Watch Tower
34:46 Watch Tower
34:47 Watch Tower
34:50 Watch Tower
» items
| Healing Salve | 10 | |
| Lesser Clarity Potion | 7 | |
| Potion of Mana | 6 | |
| Periapt of Vitality | 1 | |
| Boots of Speed | 1 | |
| Scroll of Town Portal | 1 | |
| Potion of Healing | 5 | |
| Orb of Lightning | 1 | |
32 total
SHELLY-DONG (
teal | 45 APM | 1936 actions | 43:22)
7 Blademaster
3 Wind Walk
3 Critical Strike
1 Bladestorm
» actions
| Assign group hotkey | 40 | |
| Basic commands | 71 | |
| Build / train | 77 | |
| Enter build submenu | 19 | |
| Enter hero's abilities submenu | 7 | |
| Give item / drop item | 9 | |
| Right click | 838 | |
| Select / deselect | 285 | |
| Select group hotkey | 476 | |
| Use ability | 114 | |
1936 total
» units
| Peon | 11 | |
| Wind Rider | 4 | |
| Troll Batrider | 2 | |
| Kodo Beast | 12 | |
| Raider | 2 | |
31 total
» upgrades
| Ranged Weapons | 2 | |
| Armor | 2 | |
| Reinforced Defenses | 1 | |
| War Drums Damage Increase | 1 | |
6 total
» buildings
| Altar of Storms | 1 | |
| Orc Burrow | 9 | |
| Voodoo Lounge | 2 | |
| War Mill | 1 | |
| Stronghold | 4 | |
| Watch Tower | 7 | |
| Beastiary | 3 | |
| Fortress | 3 | |
| Great Hall | 2 | |
32 total
» build order
00:08 Altar of Storms
00:24 Orc Burrow
01:07 Voodoo Lounge
01:39 War Mill
02:14 Stronghold
02:15 Stronghold
02:15 Stronghold
02:34 Orc Burrow
03:42 Watch Tower
03:43 Watch Tower
03:43 Watch Tower
04:48 Beastiary
04:49 Beastiary
05:51 Fortress
06:03 Orc Burrow
06:07 Orc Burrow
08:24 Great Hall
08:34 Great Hall
09:18 Watch Tower
09:19 Watch Tower
09:22 Watch Tower
10:26 Voodoo Lounge
10:30 Watch Tower
11:30 Fortress
11:53 Beastiary
15:54 Orc Burrow
15:54 Orc Burrow
25:11 Orc Burrow
25:12 Orc Burrow
25:12 Orc Burrow
» items
| Healing Salve | 4 | |
| Boots of Speed | 1 | |
| Staff of Teleportation | 1 | |
| Potion of Healing | 3 | |
| Potion of Lesser Invulnerability | 3 | |
| Scroll of Regeneration | 1 | |
| Orb of Lightning | 1 | |
| Scroll of Town Portal | 1 | |
| Lesser Clarity Potion | 3 | |
| Potion of Invisibility | 1 | |
| Potion of Mana | 2 | |
| Scroll of Healing | 1 | |
| Periapt of Vitality | 1 | |
23 total

»
Kristi1869 (
purple | 15 APM | 643 actions | 43:22)
3 Archmage
2 Summon Water Elemental
1 Blizzard
» actions
| Build / train | 70 | |
| Enter build submenu | 18 | |
| Enter hero's abilities submenu | 3 | |
| Right click | 375 | |
| Select / deselect | 146 | |
| Use ability | 31 | |
643 total
» units
| Peasant | 11 | |
| Footman | 14 | |
| Rifleman | 7 | |
| Gryphon Rider | 17 | |
| Dragonhawk Rider | 3 | |
52 total
» upgrades
| Swords | 3 | |
| Armor | 3 | |
| Lumber Harvesting | 1 | |
| Storm Hammers | 1 | |
| Cloud | 1 | |
9 total
» buildings
| Altar of Kings | 2 | |
| Barracks | 1 | |
| Farm | 11 | |
| Blacksmith | 1 | |
| Lumber Mill | 1 | |
| Keep | 1 | |
| Arcane Vault | 1 | |
| Castle | 1 | |
| Gryphon Aviary | 1 | |
20 total
» build order
00:10 Altar of Kings
00:17 Barracks
00:22 Farm
02:17 Farm
02:30 Blacksmith
02:52 Lumber Mill
04:01 Farm
04:09 Farm
04:38 Keep
05:53 Farm
06:00 Farm
06:40 Arcane Vault
08:41 Castle
09:30 Gryphon Aviary
13:32 Farm
13:35 Farm
14:21 Farm
14:32 Farm
30:04 Altar of Kings
33:23 Farm
» items
team 2 (winner)
theraui (
red | 43 APM | 1523 actions | 35:24)
3 Demon Hunter
2 Mana Burn
1 Evasion
1 Priestess of the Moon
1 Scout
4 Paladin
2 Holy Light
2 Divine Shield
» actions
| Basic commands | 50 | |
| Build / train | 108 | |
| ESC pressed | 11 | |
| Enter build submenu | 38 | |
| Enter hero's abilities submenu | 8 | |
| Give item / drop item | 1 | |
| Right click | 568 | |
| Select / deselect | 643 | |
| Use ability | 96 | |
1523 total
» units
| Wisp | 58 | |
| Archer | 15 | |
| Hippogryph | 11 | |
84 total
» upgrades
| Moon Armor | 2 | |
| Hippogryph Taming | 1 | |
| Strength of the Moon | 2 | |
| Improved Bows | 1 | |
| Nature's Blessing | 1 | |
7 total
» buildings
| Altar of Elders | 3 | |
| Moon Well | 7 | |
| Ancient of War | 4 | |
| Tree of Life | 4 | |
| Tree of Ages | 3 | |
| Hunter's Hall | 2 | |
| Ancient Protector | 8 | |
| Ancient of Wind | 4 | |
| Ancient of Wonders | 1 | |
36 total
» build order
00:20 Altar of Elders
00:32 Moon Well
00:47 Ancient of War
01:05 Moon Well
01:56 Moon Well
03:10 Tree of Life
05:51 Tree of Ages
05:52 Tree of Ages
05:52 Tree of Ages
06:20 Hunter's Hall
06:29 Moon Well
06:30 Moon Well
07:48 Ancient Protector
07:51 Ancient Protector
07:52 Ancient Protector
08:14 Ancient Protector
08:30 Ancient of Wind
08:31 Ancient of Wind
09:02 Ancient of War
09:59 Ancient Protector
10:01 Ancient Protector
10:29 Ancient of Wonders
11:03 Ancient Protector
12:23 Ancient Protector
14:39 Tree of Life
16:23 Tree of Life
16:51 Altar of Elders
20:08 Ancient of Wind
20:09 Ancient of Wind
20:12 Ancient of War
20:13 Ancient of War
20:28 Altar of Elders
21:18 Hunter's Hall
21:36 Moon Well
21:40 Moon Well
23:43 Tree of Life
» items
| Scroll of Town Portal | 1 | |
| Staff of Teleportation | 1 | |
2 total
TheDairyFarmer (
yellow | 84 APM | 3639 actions | 43:22)
9 Death Knight
3 Death Coil
3 Unholy Aura
2 Death Pact
1 Animate Dead
8 Lich
3 Frost Nova
3 Dark Ritual
1 Death and Decay
1 Frost Armor
» actions
| Assign group hotkey | 95 | |
| Basic commands | 102 | |
| Build / train | 131 | |
| Enter build submenu | 25 | |
| Enter hero's abilities submenu | 19 | |
| Give item / drop item | 1 | |
| Right click | 1443 | |
| Select / deselect | 598 | |
| Select group hotkey | 1007 | |
| Use ability | 218 | |
3639 total
» units
| Acolyte | 10 | |
| Ghoul | 4 | |
| Crypt Fiend | 9 | |
| Obsidian Statue | 7 | |
| Abomination | 1 | |
31 total
» upgrades
| Creature Attack | 4 | |
| Web | 1 | |
| Burrow | 1 | |
| Creature Carapace | 4 | |
| Destroyer Form | 1 | |
| Ghoul Frenzy | 1 | |
| Disease Cloud | 1 | |
| Unholy Strength | 3 | |
| Unholy Armor | 3 | |
| Cannibalize | 1 | |
20 total
» buildings
| Graveyard | 1 | |
| Crypt | 1 | |
| Altar of Darkness | 1 | |
| Ziggurat | 11 | |
| Nerubian Tower | 14 | |
| Tomb of Relics | 1 | |
| Halls of the Dead | 2 | |
| Spirit Tower | 15 | |
| Slaughterhouse | 1 | |
| Sacrificial Pit | 1 | |
| Black Citadel | 4 | |
| Necropolis | 1 | |
53 total
» build order
00:11 Graveyard
00:18 Crypt
00:51 Altar of Darkness
01:23 Ziggurat
01:34 Ziggurat
01:47 Ziggurat
02:28 Nerubian Tower
02:28 Nerubian Tower
02:28 Nerubian Tower
02:33 Tomb of Relics
04:27 Halls of the Dead
06:16 Ziggurat
07:38 Spirit Tower
09:10 Ziggurat
09:14 Ziggurat
09:30 Ziggurat
10:07 Spirit Tower
10:07 Spirit Tower
10:07 Spirit Tower
10:08 Spirit Tower
10:08 Spirit Tower
10:09 Spirit Tower
10:13 Ziggurat
10:35 Ziggurat
10:40 Spirit Tower
10:41 Spirit Tower
11:05 Nerubian Tower
11:05 Nerubian Tower
11:06 Nerubian Tower
11:55 Spirit Tower
12:03 Slaughterhouse
13:10 Sacrificial Pit
14:33 Black Citadel
14:33 Black Citadel
14:34 Black Citadel
19:43 Spirit Tower
23:48 Necropolis
28:37 Ziggurat
28:38 Ziggurat
31:25 Nerubian Tower
31:25 Nerubian Tower
31:25 Nerubian Tower
» items
| Rod of Necromancy | 4 | |
| Sacrificial Skull | 6 | |
| Scroll of Town Portal | 2 | |
| Periapt of Vitality | 2 | |
| Potion of Lesser Invulnerability | 2 | |
| Circlet of Nobility | 2 | |
| Staff of Teleportation | 2 | |
20 total
manocloth (
pink | 22 APM | 275 actions | 12:35)
1 Paladin
1 Divine Shield
» actions
| Build / train | 38 | |
| Enter build submenu | 18 | |
| Enter hero's abilities submenu | 1 | |
| Remove unit from queue | 3 | |
| Right click | 65 | |
| Select / deselect | 129 | |
| Use ability | 21 | |
275 total
» units
| Peasant | 11 | |
| Footman | 2 | |
| Rifleman | 7 | |
| Gryphon Rider | 5 | |
25 total
» upgrades
| Armor | 1 | |
| Lumber Harvesting | 2 | |
| Swords | 1 | |
| Storm Hammers | 1 | |
| Animal War Training | 1 | |
6 total
» buildings
| Altar of Kings | 1 | |
| Farm | 11 | |
| Lumber Mill | 1 | |
| Barracks | 1 | |
| Blacksmith | 1 | |
| Keep | 1 | |
| Castle | 1 | |
| Gryphon Aviary | 2 | |
19 total
» build order
00:07 Altar of Kings
00:29 Farm
00:48 Lumber Mill
01:14 Farm
01:30 Barracks
01:57 Blacksmith
02:12 Farm
02:57 Farm
03:12 Keep
03:52 Farm
04:37 Farm
06:46 Castle
08:03 Gryphon Aviary
08:19 Farm
09:04 Farm
09:32 Gryphon Aviary
09:48 Farm
10:37 Farm
11:42 Farm
Chat log
(02:47 / All) SHONUFF: OH... MY... GOD
(02:52 / All) SHONUFF: ARE YOU READY TOD?
(03:08 / All) SHONUFF: I miss King DJ Monkey *money
(07:18 / All) SHELLY-DONG: i like karate kid more than terminator
(07:24 / All) SHELLY-DONG: that japanese guy was pro
(15:00 / All) SHONUFF: rrly red
(15:04 / All) SHELLY-DONG: red hack?
(15:38 / All) SHELLY-DONG: lawl
(15:41 / All) SHELLY-DONG: 3 crits in a row
(16:02 / All) TheDairyFarmer: shade bitch
(16:03 / All) TheDairyFarmer: lawl
(16:17 / All) Clown_Lotion: your bad man
(16:20 / All) TheDairyFarmer: LOL
(16:25 / All) TheDairyFarmer: I killed like half your raiders
(16:28 / All) TheDairyFarmer: from bad rallies
(16:29 / All) SHELLY-DONG: yellow u suck ass nub oj > u
(16:38 / All) TheDairyFarmer: I forgot to buy tp at your base
(16:41 / All) Clown_Lotion: naw bruh red did that
(16:42 / All) TheDairyFarmer: and lost like 3 fiends that was only mistake whole game
(16:44 / All) TheDairyFarmer: LOL no
(17:05 / All) Clown_Lotion: we have been messing around with you guys man
(17:08 / All) Clown_Lotion: you suck
(17:08 / All) TheDairyFarmer: LMAO
(17:18 / All) TheDairyFarmer: out
(17:19 / All) TheDairyFarmer: you blow
(18:15 / All) TheDairyFarmer: lmao
(18:16 / All) TheDairyFarmer: so bad
(18:20 / All) Clown_Lotion: lol
(18:21 / All) TheDairyFarmer: fucking raped
(18:22 / All) TheDairyFarmer: kill yourself
(18:35 / All) TheDairyFarmer: you're a joke orange
(18:38 / All) SHELLY-DONG: meant to top on ojs hall ><
(18:40 / All) TheDairyFarmer: free xp for me
(18:42 / All) SHELLY-DONG: tp*
(18:49 / All) Clown_Lotion: just tp
(19:07 / All) SHELLY-DONG: gonna finish red real quick hold up hes weak
(19:28 / All) TheDairyFarmer: easy son
(19:28 / All) TheDairyFarmer: lawl
(19:30 / All) SHONUFF: YABBA DABBA DOOOOOO
(19:37 / All) TheDairyFarmer: wow your team is horrible
(20:08 / All) Clown_Lotion: share units
(20:11 / All) Clown_Lotion: so i can get hero
(20:12 / All) TheDairyFarmer: Orange and purple are hands down some of the worst players I ever seen
(20:24 / All) SHONUFF: REd is top 100 player
(20:27 / All) Clown_Lotion: lol you are horrible bro
(20:34 / All) Clown_Lotion: to late
(20:35 / All) TheDairyFarmer: I raped you by myself orange
(20:36 / All) TheDairyFarmer: LOL
(20:42 / All) SHELLY-DONG: fuk sorry man
(20:45 / All) TheDairyFarmer: you say I'm bad after I rape your whole base
(20:46 / All) TheDairyFarmer: and both heroes
(20:49 / All) TheDairyFarmer: and whole army
(20:53 / All) Clown_Lotion: lamo
(21:03 / All) TheDairyFarmer: lamooooooooo
(21:05 / All) Clown_Lotion: why have towers when we won 10 minutes ago
(21:14 / All) TheDairyFarmer: LOOOL
(21:37 / All) Clown_Lotion: never expoed cuz i didnt need too
(21:44 / All) TheDairyFarmer: lmao
(21:48 / All) TheDairyFarmer: no because your team took them
(22:57 / All) SHELLY-DONG: move where? Its abasically over
(22:59 / All) SHELLY-DONG: we have 4 expos
(23:41 / All) TheDairyFarmer: gonna expo in your old base orange
(23:50 / All) TheDairyFarmer: thanks for the mine
(23:58 / Allies) TheDairyFarmer: that's mine
(24:01 / Allies) TheDairyFarmer: cancel or I kill it
(24:30 / All) Clown_Lotion: this game is an abomination
(24:37 / All) TheDairyFarmer: you're an abomination of a wc3 player
(24:39 / All) TheDairyFarmer: you pile of shit lol
(24:44 / All) SHELLY-DONG: wc3 in general or this game in particular?
(24:46 / All) Clown_Lotion: youre bad bro
(24:49 / All) TheDairyFarmer: 347-350 and calling me bad LMAO
(24:51 / All) TheDairyFarmer: below 50%
(24:54 / All) Clown_Lotion: this game
(25:02 / All) Clown_Lotion: lmao
(25:08 / All) SHONUFF: Big mistake
(25:09 / All) Clown_Lotion: half the games people drop
(25:10 / All) TheDairyFarmer: need allies to help you against a decent undead player?
(25:16 / All) TheDairyFarmer: yeah and half they do on the enemy team too
(25:19 / All) TheDairyFarmer: so if half your losses are from, that
(25:22 / All) TheDairyFarmer: half your wins are too retard
(25:28 / All) Clown_Lotion: naw bra
(25:38 / All) Clown_Lotion: you'd get raped 1 v1
(25:40 / All) SHONUFF: BIG MISTAKE
(25:41 / All) TheDairyFarmer: let's 1v1 after
(25:44 / All) TheDairyFarmer: you're a joke
(25:48 / All) SHONUFF: You killed my father
(25:50 / All) SHONUFF: BIG MISTAKE
(26:39 / All) TheDairyFarmer: LOL
(26:44 / All) TheDairyFarmer: FREE XP
(27:23 / All) TheDairyFarmer: lawl
(28:41 / All) TheDairyFarmer: thanks for the mine orange
(30:00 / All) TheDairyFarmer: now to animate dead
(30:08 / All) TheDairyFarmer: mass revived kodos
(30:09 / All) SHELLY-DONG: lawl
(30:11 / All) SHELLY-DONG: wtf
(31:01 / All) Clown_Lotion: sigh
(31:06 / All) TheDairyFarmer: You lose noob
(31:07 / All) TheDairyFarmer: you're horrible
(31:08 / All) SHONUFF: I blade stormed
(31:08 / All) Clown_Lotion: they are worse than yellow
(31:11 / All) TheDairyFarmer: still up for being raped in 1v1 after?
(31:15 / All) TheDairyFarmer: I hope so I want to fuck you over twice
(31:23 / All) Clown_Lotion: find me bum
(31:36 / All) Clown_Lotion: i cant watch this shit anymore
(31:43 / All) TheDairyFarmer: then get the fuck out as yous hould've done ages ago
(31:44 / All) TheDairyFarmer: you suck
(31:54 / All) Clown_Lotion: you are bad bro
(32:00 / All) TheDairyFarmer: looool
(32:05 / All) TheDairyFarmer: rape his whole base and army and he calls me bad
(32:14 / All) TheDairyFarmer: this game was chill
(33:48 / All) SHELLY-DONG: dis game was neve rin doubt
(33:54 / All) TheDairyFarmer: It was chill
(34:01 / All) TheDairyFarmer: mass kodos animated dead
(34:12 / All) SHELLY-DONG: oj never realize di dont think
(35:22 / All) TheDairyFarmer: purp cotnrolling those?
(35:38 / All) SHELLY-DONG: me
(35:43 / All) TheDairyFarmer: fucking scourge going after herds of kodos this game
(35:46 / All) TheDairyFarmer: hunting them to extinction
(35:50 / All) TheDairyFarmer: My team all left just purp here
(37:01 / All) SHONUFF: I have more than 10x jake's gold
(37:07 / All) TheDairyFarmer: lawl
(37:15 / All) TheDairyFarmer: I have 13k but been over 50 food all game cuz I'm ud
(37:22 / All) TheDairyFarmer: probably like 30k if I was on no upkeep
(37:43 / All) SHONUFF: 37k right now
(37:46 / All) TheDairyFarmer: lawl
(38:33 / All) TheDairyFarmer: Bob start killing your stuff
(39:14 / All) TheDairyFarmer: are we playing more afte this, it's dragging on
(39:21 / All) TheDairyFarmer: gonna watch some sopranos if you want to mine the map out
(39:53 / All) SHONUFF: kill my base
(39:58 / All) SHONUFF: you have more units
(40:10 / All) TheDairyFarmer: k
(40:11 / All) SHELLY-DONG: we could just give purp win
(40:29 / All) SHONUFF: yeah purp is horribel
(40:34 / All) SHONUFF: want to just give him the win?
(40:41 / All) SHELLY-DONG: purple is good actually
(40:41 / All) TheDairyFarmer: nah let's give him loss
(40:44 / All) TheDairyFarmer: will take a couple more mins
(40:46 / All) TheDairyFarmer: he sucked lol
(41:02 / All) SHONUFF: kill my main base
(41:05 / All) SHONUFF: I don't have towers in it